Map: Ultralove

Players

KimChiLoVer - Winner!

  • Race: Terran Terran
  • League: Diamond
  • Spawn Location: 1:00

Codlisk

  • Race: Zerg Zerg
  • League: Diamond
  • Spawn Location: 7:00

VOD

Have the link to the VOD?

Description

Time

  • Played on: Nov. 2, 2025, 10:11 p.m.
  • Length: 9:23
Show
View Real Time Build Order
Export as new Build Order

KimChiLoVer Terran - Winner!

Build Orders: Reaper Expand, Hellion Banshee 

Get SALT Encoding   

  12  0:00  SCV  
  13  0:13  SCV  
  14  0:17  Supply Depot  
  14  0:25  SCV  
  15  0:39  SCV  
  15  0:40  Barracks  
  16  0:45  Refinery  
  16  0:51  SCV  
  17  1:03  SCV  
  18  1:15  SCV  
  19  1:27  Orbital Command  
  19  1:28  Reaper  
  20  1:40  Command Center  
  20  1:50  Supply Depot  
  20  1:53  SCV  
  21  2:00  Marine  
  22  2:05  SCV  
  23  2:15  Factory  
  23  2:17  SCV  
  23  2:19  Bunker  
  24  2:24  Barracks Reactor  
  24  2:29  SCV  
  25  2:32  Refinery  
  25  2:41  SCV  
  26  2:54  SCV  
  26  2:57  Orbital Command  
  27  3:01  Starport  
  27  3:06  SCV  
  28  3:13  Supply Depot  
  28  3:14  Hellion x2  
  28  3:15  Marine  
  28  3:18  SCV  
  34  3:24  SCV  
  35  3:30  SCV  
  36  3:40  Starport Tech Lab  
  36  3:44  Hellion x2  
  36  3:45  SCV  
  36  3:48  SCV, Supply Depot  
  42  3:57  SCV  
  42  3:58  Refinery  
  42  4:00  SCV, Banshee  
  42  4:01  Cloaking Field  
  47  4:03  Barracks Tech Lab  
  47  4:06  Barracks  
  47  4:08  Hellion  
  47  4:09  SCV  
  52  4:10  Hellion  
  52  4:17  Supply Depot  
  52  4:19  SCV  
  52  4:21  SCV  
  54  4:25  Refinery  
  54  4:26  Stimpack  
  54  4:32  SCV  
  54  4:37  SCV  
  56  4:41  Factory Reactor  
  56  4:44  SCV  
  57  4:49  Command Center  
  57  4:51  SCV  
  58  4:55  Engineering Bay  
  58  4:59  Engineering Bay  
  58  5:03  SCV x2  
  60  5:10  Banshee  
  63  5:14  Barracks  
  63  5:15  SCV, Marine  
  65  5:25  Supply Depot  
  65  5:27  SCV  
  66  5:28  Supply Depot  
  66  5:30  SCV  
  66  5:32  Missile Turret  
  66  5:35  Missile Turret  
  67  5:36  Marine x2  
  67  5:37  Marine  
  70  5:44  Barracks  
  70  5:46  Barracks, SCV  
  70  5:49  Terran Infantry Weapons Level 1  
  71  5:52  Terran Infantry Armor Level 1  
  71  5:54  SCV, Marine  
  73  6:08  SCV  
  74  6:16  Starport Reactor  
  74  6:17  Orbital Command  
  74  6:18  Combat Shield  
  74  6:26  Supply Depot  
  74  6:27  Supply Depot  
  74  6:35  Barracks Reactor x2  
  74  6:40  Siege Tank, Marine x3  
  74  6:41  Marine  
  81  6:47  SCV  
  82  6:59  SCV  
  83  7:05  Orbital Command  
  83  7:09  Marine x2  
  83  7:10  Marine x3, Armory  
  83  7:13  Marine x4  
  92  7:21  Supply Depot  
  92  7:25  Supply Depot  
  92  7:26  Supply Depot  
  92  7:27  Marine x4  
  92  7:28  Marine, Supply Depot  
  97  7:31  Marine x4  
  97  7:34  Siege Tank  
  97  7:35  Medivac x2  
  108  7:44  Supply Depot  
  108  7:45  Marine x5, Supply Depot  
  108  7:49  Marine x4  
  117  7:57  Barracks  
  117  8:00  Barracks  
  117  8:03  Marine x4  
  117  8:05  Medivac x2  
  125  8:06  Marine x3  
  125  8:07  Siege Tank, Marine  
  125  8:09  Marine  
  133  8:20  Marine  
  133  8:21  Marine x3  
  133  8:22  SCV  
  133  8:23  SCV  
  133  8:24  Marine x2  
  141  8:27  Marine x3  
  145  8:34  SCV  
  145  8:35  Medivac  
  145  8:38  Marine x2  
  145  8:39  Siege Tank  
  150  8:46  SCV  
  105  8:57  Marine  
  105  8:58  SCV, Marine  
  105  8:59  Barracks Reactor x2, Marine  
  105  9:00  Marine x6  
Show
View Real Time Build Order
Export as new Build Order

Codlisk Zerg 

Build Orders: Hatch First 

Get SALT Encoding   

  12  0:01  Drone  
  13  0:12  Overlord  
  13  0:18  Drone  
  14  0:31  Drone x2  
  16  0:47  Hatchery  
  15  0:51  Drone  
  15  0:53  Drone  
  17  0:57  Drone  
  18  1:07  Extractor  
  17  1:13  Spawning Pool  
  17  1:16  Drone  
  17  1:19  Drone  
  18  1:28  Drone  
  19  1:39  Drone  
  20  1:50  Drone  
  21  2:01  Queen x2  
  21  2:02  Zergling x4  
  27  2:16  Hatchery  
  27  2:19  Overlord  
  27  2:21  Drone  
  27  2:31  Drone  
  28  2:37  Metabolic Boost  
  28  2:39  Overlord  
  28  2:50  Drone  
  28  2:51  Drone x3  
  32  2:55  Overlord  
  32  3:02  Queen  
  32  3:03  Drone  
  35  3:07  Drone  
  35  3:08  Drone  
  37  3:17  Overlord  
  37  3:22  Drone  
  37  3:23  Drone x3  
  37  3:26  Drone  
  42  3:29  Overlord  
  42  3:32  Queen  
  44  3:36  Drone x2  
  44  3:40  Overlord  
  46  3:48  Queen  
  46  3:49  Drone  
  46  3:50  Drone  
  46  3:54  Overlord  
  50  4:00  Zergling x2  
  50  4:01  Zergling x6  
  54  4:04  Drone x3  
  54  4:09  Spore Crawler, Drone  
  57  4:12  Lair  
  57  4:18  Drone  
  57  4:19  Drone x3  
  57  4:22  Spore Crawler, Drone  
  61  4:26  Spore Crawler  
  61  4:29  Drone  
  61  4:30  Drone x2  
  63  4:33  Drone x2  
  65  4:39  Roach Warren  
  65  4:42  Overlord  
  64  4:53  Extractor x2  
  64  4:55  Evolution Chamber  
  64  4:56  Drone x2  
  64  4:57  Drone, Evolution Chamber  
  64  4:58  Drone  
  64  4:59  Drone  
  65  5:02  Hatchery  
  64  5:10  Drone x3  
  64  5:11  Drone x3  
  64  5:12  Drone x3  
  73  5:15  Extractor  
  73  5:16  Overseer  
  73  5:17  Extractor  
  73  5:20  Roach  
  77  5:21  Roach x2  
  77  5:28  Overlord x3  
  77  5:33  Drone  
  77  5:34  Extractor, Drone x3  
  80  5:37  Drone x3  
  80  5:39  Drone  
  80  5:42  Drone x2  
  86  5:50  Zerg Melee Weapons Level 1  
  86  5:51  Baneling Nest  
  86  5:56  Zerg Ground Armor Level 1  
  85  6:05  Overlord  
  85  6:06  Overlord  
  85  6:11  Pneumatized Carapace  
  85  6:13  Queen  
  85  6:14  Overseer x2  
  85  6:15  Overseer  
  85  6:16  Queen  
  85  6:18  Drone x4  
  90  6:20  Zergling x2  
  90  6:21  Zergling x12  
  100  6:29  Drone x2  
  102  6:39  Centrifugal Hooks  
  102  6:53  Drone x3  
  102  6:54  Drone x11  
  116  7:10  Spore Crawler  
  116  7:12  Drone x3, Extractor  
  116  7:13  Extractor  
  116  7:14  Drone x3  
  119  7:15  Baneling  
  119  7:16  Baneling x10  
  119  7:23  Drone x2  
  119  7:24  Hydralisk Den  
  119  7:26  Baneling x8  
  120  7:38  Zergling x2  
  120  7:39  Overlord, Zergling x14  
  120  7:40  Overlord x4  
  120  7:43  Hatchery  
  127  7:54  Hatchery  
  126  7:58  Grooved Spines  
  126  8:01  Zergling x2  
  126  8:02  Zergling x16  
  126  8:05  Baneling x4  
  135  8:15  Hydralisk  
  135  8:16  Hydralisk x9  
  135  8:17  Hatchery  
  135  8:19  Infestation Pit  
  153  8:25  Drone  
  153  8:26  Drone x7  
  161  8:34  Overlord x3  
  161  8:39  Zergling x8  
  162  8:41  Zergling x2  
  162  8:42  Zergling x2  
  162  8:45  Zergling x2  
  162  8:46  Zergling x6  
  147  8:50  Zergling x12  
  147  8:54  Zergling x2  
  136  8:57  Zergling x6  
  121  9:03  Zergling x2  
  121  9:04  Zergling x2  
  121  9:06  Drone  
Tags
 
Add a new tag
Caveats
  • Supply blocks, unpowered buildings, or Contaminate may cause inaccurate times.
  • Supply counts are checked every 10 seconds.